 Dungeon Crawl Stone Soup version 0.30-a0-830-gfe289a77b0 (webtiles) character file.

Game seed: 1444585904754498258

497626 ragingrage the Phalangite (level 25, -3/183 (193) HPs)
             Began as a Formicid Summoner on Feb 28, 2023.
             Was the Champion of Ru.
             Slain by an azure jelly (35 damage)
             ... on level 4 of the Pits of Slime.
             The game lasted 02:49:35 (74128 turns).

ragingrage the Phalangite (Formicid Summoner)      Turns: 74128, Time: 02:49:35

HP:   -3/183 (193)  AC: 24    Str: 13 (14) XL:     25   Next: 43%
MP:   6/37          EV: 12    Int: 28 (29) God:    Ru [******]
Gold: 2063          SH: 17    Dex: 21      Spells: 2/44 levels left

rFire   + + .      SeeInvis +    a - +0 bardiche (vamp)
rCold   . . .      Faith    .    Y - +2 kite shield {AC+3}
rNeg    . . .      Spirit   .    t - +0 fire dragon scales
rPois   +          Reflect  .    (helmet unavailable)
rElec   +          Harm     .    J - +2 cloak {rC+}
rCorr   +          Rampage  .    H - +2 pair of gloves
Will    ++...                    j - +0 pair of boots of the Eight Boll Weevils {rPois rC+ Regen+ Slay+2} Stlth
                                 c - amulet "Mioxor" {RegenMP rPois Int+3 Dex+4 Stlth-}
HPRegen 2.10/turn                W - ring "Iwy Fosm" {Fly rElec Will+ rCorr}
MPRegen 0.65/turn                y - ring "Ladaz" {AC+4 Dex+7}

@: engulfed (cannot breathe), corroded, flying, very slightly contaminated,
studying Shields, drained
A: permanent stasis, dig shafts and tunnels, antennae 3, clumsy 2, no stealth,
weak-willed 1, unskilled 1, inexperienced 1, missing an eye, four strong arms,
deterioration 2, regeneration 1, wild magic 1, cold vulnerability 1, noise
suppression
}: 2/15 runes: decaying, gossamer
a: Dig, Shaft Self, Renounce Religion, Draw Out Power, Power Leap, Apocalypse


You were on level 4 of the Pits of Slime.
You worshipped Ru.
Ru was exalted by your worship.
You visited 10 branches of the dungeon, and saw 47 of its levels.
You visited the Abyss 2 times.
You also visited: Bailey and Ice Cave.

You collected 6210 gold pieces.
You spent 4147 gold pieces at shops.

Inventory:

Hand Weapons
 a - a +0 vampiric bardiche (weapon)
 b - a +2 bardiche of freezing
Missiles
 R - 7 curare-tipped darts
Armour
 j - the +0 pair of boots of the Eight Boll Weevils (worn) {rPois rC+ Regen+ Slay+2}
   (You found it on level 3 of the Elven Halls)

   Slay:      It affects your accuracy & damage with ranged weapons and melee
   (+2).
   rC:        It protects you from cold.
   rPois:     It protects you from poison.
   Regen:     It increases your rate of health regeneration.
 t - +0 fire dragon scales (worn)
 H - a +2 pair of gloves (worn)
 J - a +2 cloak of cold resistance (worn)
 Y - a +2 kite shield of protection (worn)
Jewellery
 c - the amulet "Mioxor" (around neck) {RegenMP rPois Int+3 Dex+4 Stlth-}
   (You took it off a deep elf sorcerer on level 3 of the Elven Halls)

   [amulet of magic regeneration]

   It increases your rate of magic regeneration.
   Int:       It affects your intelligence (+3).
   Dex:       It affects your dexterity (+4).
   rPois:     It protects you from poison.
   Stlth:     It makes you less stealthy.
 q - the ring of Wariness {Ice rPois rN+ Will+ rCorr}
   (You took it off a deep elf death mage on level 3 of the Elven Halls)

   [ring of ice]

   It enhances your ice magic.
   rF:        It makes you vulnerable to fire.
   rC:        It protects you from cold.
   rPois:     It protects you from poison.
   rN:        It protects you from negative energy.
   rCorr:     It protects you from acid and corrosion.
   Will:      It increases your willpower.
 y - the ring "Ladaz" (right hand) {AC+4 Dex+7}
   (You acquired it on level 2 of the Orcish Mines)

   [ring of protection]

   AC:        It affects your AC (+4).
   Dex:       It affects your dexterity (+7).
 T - the ring of the Mutiny {*Slow rElec rN+++ Will+ Dex-2}
   (You found it on level 1 of the Vaults)

   [ring of willpower]

   Dex:       It affects your dexterity (-2).
   rElec:     It insulates you from electricity.
   rN:        It renders you almost immune to negative energy.
   *Slow:     It may slow you when you take damage.
   Will:      It increases your willpower.
 V - the ring "Woemuup" {rPois Will+ Int+6}
   (You found it on level 3 of the Elven Halls)

   [ring of intelligence]

   Int:       It affects your intelligence (+6).
   rPois:     It protects you from poison.
   Will:      It increases your willpower.
 W - the ring "Iwy Fosm" (left hand) {Fly rElec Will+ rCorr}
   (You acquired it on level 2 of the Lair of Beasts)

   [ring of flight]

   rElec:     It insulates you from electricity.
   Fly:       It grants you flight.
   rCorr:     It protects you from acid and corrosion.
   Will:      It increases your willpower.
Wands
 C - a wand of charming (34)
 E - a wand of mindburst (62)
 F - a wand of flame (78)
 K - a wand of iceblast (8)
 L - a wand of quicksilver (26)
 S - a wand of digging (3)
Scrolls
 d - 3 scrolls of summoning
 h - 3 scrolls of enchant armour
 k - 7 scrolls of fog
 o - 9 scrolls of vulnerability
 u - 5 scrolls of amnesia
 A - 9 scrolls of poison
 B - 7 scrolls of magic mapping
 O - 4 scrolls of silence
 P - 4 scrolls of brand weapon
 Q - 4 scrolls of enchant weapon
 U - 10 scrolls of immolation
 Z - 2 scrolls of fear
Potions
 e - 2 potions of resistance
 f - 10 potions of heal wounds
 l - 3 potions of lignification
 m - 7 potions of mutation
 p - 9 potions of brilliance
 r - 4 potions of might
 v - 6 potions of attraction
 w - 6 potions of magic
 x - 8 potions of flight
 z - 5 potions of ambrosia
 I - 22 potions of curing
 N - 8 potions of invisibility
Miscellaneous
 g - a tin of tremorstones (2/2)
 i - a phial of floods
 D - a condenser vane
 G - a phantom mirror
 M - a box of beasts (inert)


   Skills:
 - Level 14.8 Fighting
 + Level 21.8 Polearms
 - Level 12.7 Armour
 - Level 7.0 Dodging
 - Level 15.5 Shields
 - Level 10.0 Spellcasting
 - Level 4.7 Conjurations
 - Level 4.5 Hexes
 - Level 19.0 Summonings
 - Level 6.1 Transmutations
 - Level 4.0 Ice Magic
 - Level 6.0 Air Magic
 - Level 2.4 Earth Magic
 - Level 14.7 Evocations


You had 2 spell levels left.
You knew the following spells:

 Your Spells              Type           Power      Damage    Failure   Level
a - Animate Armour        Summ/Erth      100%       N/A       5%          4
b - Wereblood             Tmut           58%        N/A       5%          2
d - Summon Lightning Spi  Summ/Air       83%        N/A       2%          4
e - Ozocubu's Armour      Ice            47%        N/A       21%         3
f - Summon Hydra          Summ           51%        N/A       13%         7
g - Irradiate             Conj/Tmut      27%        3d20      67%         5
h - Manifold Assault      Tloc           18%        N/A       96%         4
i - Iron Shot             Conj/Erth      22%        9d5       100%        6
j - Spellforged Servitor  Conj/Summ      40%        N/A       89%         7

Your spell library contained the following spells:

 Spells                   Type           Power      Damage    Failure   Level
 Summon Small Mammal      Summ           100%       N/A       1%          1
 Call Imp                 Summ           100%       N/A       1%          2
 Magic Dart               Conj           100%       1d8       6%          1
 Freeze                   Ice            100%       1d10      8%          1
 Searing Ray              Conj           100%       2d8       9%          2
 Passwall                 Tmut/Erth      40%        N/A       10%         2
 Sting                    Tmut/Pois      100%       1d8       11%         1
 Sandblast                Erth           70%        2d15      13%         1
 Foxfire                  Conj/Fire      100%       2x1d9     14%         1
 Poisonous Vapours        Pois/Air       80%        N/A       16%         2
 Sublimation of Blood     Necr           18%        N/A       45%         2
 Call Canine Familiar     Summ           100%       N/A       1%          3
 Summon Guardian Golem    Hex/Summ       81%        N/A       1%          3
 Summon Ice Beast         Ice/Summ       80%        N/A       4%          4
 Dazzling Flash           Conj/Hex       100%       N/A       16%         3
 Hailstorm                Conj/Ice       49%        3d11      17%         3
 Frozen Ramparts          Ice            94%        1d15      21%         3
 Stone Arrow              Conj/Erth      88%        3d12      24%         3
 Spider Form              Tmut/Pois      40%        N/A       30%         3
 Ice Form                 Ice/Tmut       53%        N/A       38%         4
 Ignite Poison            Fire/Tmut/Pois 33%        N/A       41%         3
 Kindle Blastsparks       Fire/Tloc/Air  64%        2d15      41%         3
 Fulminant Prism          Conj/Hex       25%        3d14      45%         4
 Petrify                  Tmut/Erth      49%        N/A       47%         4
 Blade Hands              Tmut           29%        N/A       58%         5
 Silence                  Hex/Air        27%        N/A       69%         5
 Iskenderun's Mystic Bla  Conj/Tloc      35%        2d8       75%         4
 Freezing Cloud           Conj/Ice/Air   26%        6-21      75%         5
 Metabolic Englaciation   Hex/Ice        24%        N/A       82%         5
 Olgreb's Toxic Radiance  Pois           18%        N/A       96%         4
 Passage of Golubria      Tloc           18%        N/A       96%         4
 Fireball                 Conj/Fire      17%        3d9       97%         5
 Malign Gateway           Summ/Tloc      36%        N/A       99%         7
 Agony                    Necr           18%        N/A       100%        5
 Simulacrum               Ice/Necr       16%        N/A       100%        6
 Starburst                Conj/Fire      17%        6d6       100%        6
 Ozocubu's Refrigeration  Ice            23%        4d12      100%        7
 Storm Form               Tmut/Air       29%        N/A       100%        7
 Lehudib's Crystal Spear  Conj/Erth      22%        10d6      100%        8
 Chain Lightning          Conj/Air       27%        3d36      100%        9
 Fire Storm               Conj/Fire      17%        8d5       100%        9
 Polar Vortex             Ice            23%        N/A       100%        9
 Shatter                  Erth           17%        3d16*     100%        9
 Blink                    Tloc           Unusable   N/A       N/A         2

Dungeon Overview and Level Annotations

Branches:
Dungeon (15/15)            Temple (1/1) D:7            Lair (5/5) D:10
  Swamp (4/4) Lair:3       Spider (4/4) Lair:3        Slime (5/5) Lair:4
    Orc (2/2) D:10            Elf (3/3) Orc:2        Vaults (4/5) D:13
  Crypt (0/3) Vaults:3     Depths (4/4) D:15            Zot (0/5) Depths:4
 Bailey (visited)           IceCv (visited)

Altars:
Ashenzari
Cheibriados
Dithmenos
Elyvilon
Fedhas
Gozag
Hepliaklqana
Kikubaaqudgha
Makhleb
Nemelex Xobeh
Okawaru
Qazlal
Ru
Sif Muna
Trog
Uskayaw
Vehumet
Wu Jian
Xom
Yredelemnul
Zin
The Shining One
Jiyva

Shops:
D:2 [**=   D:4 [   D:13 *   Orc:2 [*:(   Elf:3 [   Vaults:1 (

Portals:
Hell: Depths:1 Depths:2 Depths:3 Depths:4
Abyss: Depths:2 Depths:3
Pandemonium: Depths:2 Depths:4
Ziggurat: Depths:4

Annotations:
D:10 1 exclusion
Lair:4 exclusion: downstairs
Vaults:4 1 runed translucent door, Konionua's ghost, adept KoEn
Vaults:5 !V5
Depths:2 exclusion: downstairs


Innate Abilities, Weirdness & Mutations

You cannot be hasted, slowed, berserked, paralysed or teleported.
You can dig through walls and to a lower floor.
You have a pair of large antennae on your head. (SInv)
You are very clumsy. (Dex -4)
You cannot be stealthy.
You are slightly weak-willed. (Will-)
You are somewhat unskilled. (-1 Apt)
You are somewhat inexperienced. (-1 XL)
You are missing an eye, making it more difficult to aim.
Your four strong arms can wield two-handed weapons with a shield.
Your body often deteriorates upon taking damage.
Your natural rate of healing is unusually fast.
Your spells are a little harder to cast, but a little more powerful.
You are vulnerable to cold. (rC-)
You passively dampen the noise of your surroundings.


Message History

You feel your power leaking away.
You hit the azure jelly.
Your lungs strain for air!
The quicksilver ooze hits you!
You block the quicksilver ooze's attack.
The azure jelly hits you but does no damage. x3
The azure jelly barely misses you.
The nameless horror is stunned by your conviction and fails to attack.
The quicksilver ooze hits you.
You focus your inner power and illuminate the quicksilver ooze in retribution!
You block the quicksilver ooze's attack.
Unknown command.
You hit the azure jelly but do no damage.
Your lungs strain for air!
The azure jelly hits you but does no damage.
The azure jelly hits you. The azure jelly freezes you!!!
Your body deteriorates!
You feel dopey. You block the azure jelly's attack. x2
The quicksilver ooze is stunned by your conviction and fails to attack.
You block the nameless horror's attack.
You barely miss the azure jelly.
Your lungs strain for air!
The quicksilver ooze hits you.
You block the quicksilver ooze's attack.
The azure jelly barely misses you. The azure jelly hits you.
The azure jelly freezes you!!
* * * LOW HITPOINT WARNING * * *
Your body deteriorates!
You feel weakened. The azure jelly hits you.
* * * LOW HITPOINT WARNING * * *
You block the azure jelly's attack.
The nameless horror is stunned by your conviction and fails to attack.
Unknown command.
The quicksilver ooze attacks as you move away!
You block the quicksilver ooze's attack. x2
The azure jelly attacks as you move away!
The azure jelly barely misses you. The azure jelly hits you!
* * * LOW HITPOINT WARNING * * *
The azure jelly freezes you!!
You die...

#...................
##........#.^.......
##........#........
##.................#
#............##....#
#.......#........^##
#..>..#..#.......##
##JJX.....#.#.####
#..@.....#.####
#...........#
##.........##
#........##
##....#....##.##
#..............#
#..............#
#.......####.#^..
##.#...## #....


You could see an azure jelly (corona), a nameless horror and a quicksilver ooze
(corona).

Vanquished Creatures
  the Royal Jelly (Slime:5)
  2 juggernauts (Depths:3)
  Mara (Swamp:4)
  Sojobo (Depths:3)
  Nikola (Swamp:4)
  2 golden dragons
  2 bone dragons
  Jorgrun (D:14)
  4 liches
  A walking earthen tome (Depths:3)
  2 deep elf master archers (Elf:3)
  Zenata (Vaults:2)
  2 deep elf blademasters (Elf:3)
  2 walking frostbound tomes (Depths:3)
  4 sphinxes
  A titan (Depths:4)
  A tentacled starspawn (Abyss:3)
  5 acid blobs
  4 tengu reavers
  A thorn hunter (Swamp:3)
  A shadow dragon (Vaults:1)
  4 rockslimes
  4 azure jellies (Slime:5)
  A storm dragon (Depths:3)
  An iron dragon (Depths:3)
  2 deep elf sorcerers
  An emperor scorpion (Spider:4)
  Louise (Swamp:4)
  3 frost giants
  6 ghost moths
  10 vault wardens
  2 orc warlords
  10 deep elf elementalists
  7 ironbound thunderhulks
  A spriggan defender (Depths:3)
  2 quicksilver oozes (Slime:5)
  8 ironbound preservers
  2 war gargoyles
  7 stone giants
  5 very ugly things
  3 vampire knights
  2 eleionomae
  7 deep elf demonologists
  A bunyip (Swamp:2)
  2 purple draconians
  A deep elf annihilator (Elf:3)
  4 spark wasps
  7 dire elephants
  The ghost of Takou the Cleaver, a journeyman AtFi of Makhleb (Lair:2)
  2 deep elf death magi (Elf:3)
  5 blizzard demons
  An eidolon (Abyss:2)
  2 ettins
  A fire dragon (Depths:1)
  14 yaktaur captains
  A shambling mangrove (Swamp:3)
  6 entropy weavers
  4 great orbs of eyes
  An entropy weaver (shapeshifter) (D:14)
  2 deep elf high priests
  10 hydras
  3 ghost crabs (Swamp:3)
  9 vault guards
  2 peacekeepers
  3 ice dragons
  A rakshasa (Depths:3)
  7 centaur warriors
  A catoblepas (D:13)
  2 jorogumos (Spider:4)
  7 ironbound frosthearts
  4 tengu warriors (Depths:1)
  3 radroaches
  2 boulder beetles
  8 alligators
  21 dancing weapons
  A naga warrior (Abyss:3)
  An orc high priest (Vaults:2)
  3 deep troll earth magi
  A shock serpent (shapeshifter) (Depths:3)
  18 deep elf knights
  A thrashing horror (Abyss:3)
  A hell knight (Depths:4)
  A skeletal warrior (Vaults:3)
  An iron troll (Depths:3)
  A sun demon (Depths:1)
  22 nameless horrors
  A sea snake (shapeshifter) (Vaults:1)
  8 wizards
  25 deep trolls
  6 pharaoh ants
  3 swamp dragons
  3 orb spiders
  A tengu zombie (Vaults:1)
  8 ironbound convokers
  8 spriggan simulacra (IceCv)
  4 necromancers
  2 harpies
  6 deep elf archers
  A spectral hydra (Swamp:4)
  6 lindwurms
  6 orc knights
  12 wolf spiders
  2 phantasmal warriors
  A harpy (shapeshifter) (Elf:2)
  An orc sorcerer (D:15)
  18 deep elf pyromancers
  4 manticores
  7 steelbarb worms
  22 deep elf zephyrmancers
  2 shining eyes
  20 ugly things
  2 moths of wrath (shapeshifter) (Vaults:1)
  2 cyclopes (D:13)
  4 moths of wrath
  2 will-o-the-wisps
  A frost giant skeleton (Vaults:1)
  12 vault sentinels
  An eye of devastation (Slime:3)
  3 elephants
  5 demonic crawlers
  A smoke demon (Abyss:3)
  A water nymph (shapeshifter) (Depths:1)
  2 black mambas
  A torpor snail (Spider:1)
  An orange demon (Abyss:3)
  A cane toad (Lair:4)
  2 gargoyles
  2 rime drakes (Lair:3)
  A yaktaur zombie (Vaults:2)
  2 unseen horrors
  A freezing wraith (IceCv)
  A kobold demonologist (D:12)
  24 yaktaurs
  An anaconda simulacrum (IceCv)
  6 ice devils (IceCv)
  A komodo dragon (Lair:5)
  An elf skeleton (Vaults:4)
  A golden dragon simulacrum (IceCv)
  A tengu conjurer (D:13)
  5 trolls
  4 tyrant leeches
  2 meliai
  A hellwing (Depths:4)
  7 hornets
  9 blink frogs
  A tengu simulacrum (Vaults:2)
  24 tarantellas
  A human skeleton (Vaults:4)
  30 slime creatures
  11 culicivoras
  6 spriggans
  18 jumping spiders
  A jumping spider (shapeshifter) (D:15)
  A hog (shapeshifter) (Elf:3)
  3 dire elephant simulacra (IceCv)
  3 water elementals
  An ettin skeleton (Vaults:4)
  2 hogs (Swamp:1)
  2 ynoxinuls
  4 air elementals
  A wraith (Swamp:1)
  4 humans (D:13)
  33 redbacks
  9 yaks (D:12)
  A basilisk (Lair:3)
  2 large abominations
  2 minotaur simulacra (IceCv)
  4 fire elementals
  9 golden eyes
  A neqoxec (Abyss:3)
  A harpy simulacrum (IceCv)
  4 chaos spawn
  10 swamp worms
  A warg (Depths:3)
  2 nagas (Abyss:3)
  An acid dragon (D:12)
  A hydra simulacrum (Swamp:4)
  2 water moccasins
  18 orc warriors
  An ice beast (Abyss:2)
  2 black bears
  An ettin simulacrum (IceCv)
  2 ogres (Orc:2)
  A swamp dragon zombie (Swamp:4)
  3 boggarts (Vaults:3)
  A centaur (D:7)
  A phantom (D:5)
  6 deep troll simulacra (IceCv)
  5 bullfrogs
  A necrophage (Swamp:3)
  2 earth elementals
  2 scorpions
  A wight (D:8)
  2 lindwurm simulacra (IceCv)
  A killer bee (D:7)
  A howler monkey (D:7)
  A spriggan skeleton (D:9)
  3 small abominations (Depths:3)
  8 electric eels
  A bullfrog zombie (D:7)
  2 hounds
  5 orc priests
  An iguana (D:6)
  Natasha (thrice) (D:2)
  7 orc wizards
  2 killer bee zombies (D:7)
  45 orcs
  3 ball pythons
  2 endoplasms
  A giant cockroach (D:4)
  3 goblins (D:1)
  A hobgoblin (D:2)
  3 jackals (D:2)
  A quokka (D:4)
  A bat (D:1)
  A frilled lizard (D:1)
  4 kobolds
  2 rats
  7 briar patches (Swamp:3)
  A starspawn tentacle (Abyss:3)
961 creatures vanquished.

Vanquished Creatures (collateral kills)
  A juggernaut (Depths:3)
  Vv (Depths:3)
  Saint Roka (Depths:3)
  Margery (Depths:4)
  2 caustic shrikes (Depths:3)
  A golden dragon (Depths:4)
  2 tentacled monstrosities
  A walking earthen tome (Depths:4)
  3 liches
  A quicksilver dragon (shapeshifter) (Depths:3)
  A sphinx (Depths:3)
  A tentacled starspawn (Abyss:3)
  5 acid blobs
  A tengu reaver (Depths:3)
  2 shadow dragons (Depths:3)
  Kirke (Swamp:1)
  2 storm dragons (Depths:3)
  4 rockslimes
  2 azure jellies
  3 fire giants
  6 frost giants
  4 vault wardens
  4 deep elf sorcerers (Elf:3)
  2 orc warlords (Orc:2)
  A broodmother (Spider:3)
  A deep elf elementalist (Elf:3)
  A draconian shifter (Depths:4)
  A spriggan defender (Depths:3)
  9 very ugly things
  2 ghouls (Swamp:4)
  A draconian annihilator (Depths:4)
  A quicksilver ooze (Slime:1)
  3 stone giants
  9 ironbound preservers
  An ironbound thunderhulk (Vaults:2)
  The ghost of Lideoroe the Grappler, a journeyman TrFi of the Shining One (Lair:2)
  A deep elf demonologist (Vaults:4)
  A green draconian (Depths:4)
  A deep elf annihilator (Elf:3)
  6 dire elephants
  A hydra skeleton (Swamp:4)
  A white draconian (Depths:4)
  A spark wasp (Depths:3)
  A yellow draconian (Depths:4)
  2 bunyips (Swamp:4)
  2 deep elf death magi (Elf:3)
  Josephine (Swamp:1)
  4 ettins
  A crystal guardian (Vaults:3)
  4 shambling mangroves (Swamp:4)
  4 fire dragons
  2 yaktaur captains
  5 ice dragons
  6 hydras
  A spriggan air mage (Depths:4)
  4 great orbs of eyes
  3 vault guards
  A ghost crab (Swamp:1)
  Erolcha (Orc:1)
  5 ironbound frosthearts
  2 rakshasas (Depths:1)
  5 centaur warriors
  A radroach (Spider:2)
  4 two-headed ogres
  3 catoblepae
  A naga warrior (Abyss:3)
  3 death yaks (Lair:5)
  3 alligators
  12 dancing weapons
  3 deep troll earth magi
  A thrashing horror (Abyss:3)
  The ghost of Juicyj the Thrower, a novice GnWn of Wu Jian (D:12)
  A deep troll shaman (Depths:3)
  A hell hog (Abyss:3)
  2 orc high priests (Orc:2)
  2 spriggan berserkers
  3 hell knights (Depths:4)
  A sun demon (Depths:4)
  6 deep elf knights
  A skyshark (Lair:5)
  3 skeletal warriors
  A spatial maelstrom (Abyss:3)
  An iron troll (Depths:3)
  2 goliath frogs
  2 pharaoh ants
  A sea snake (shapeshifter) (Vaults:3)
  29 deep trolls
  5 spriggan druids
  4 swamp dragons
  2 glowing orange brains
  A spriggan simulacrum (IceCv)
  5 wizards
  9 orb spiders
  3 flayed ghosts (Swamp:4)
  A deep elf archer (Elf:1)
  2 spectral hydras (Swamp:4)
  2 bog bodies (Swamp:2)
  9 deep elf pyromancers
  3 large abominations
  4 lindwurms
  3 harpies (Vaults:2)
  4 steelbarb worms
  14 deep elf zephyrmancers
  An obsidian statue (IceCv)
  7 ironbound convokers
  A necromancer (Lair:4)
  A manticore (D:11)
  3 orc sorcerers
  5 orc knights
  A fire giant zombie (Vaults:4)
  3 cyclopes
  3 oklob plants (Swamp:4)
  3 wolf spiders
  4 shining eyes
  A cyclops (shapeshifter) (Depths:4)
  13 ugly things
  A worldbinder (Abyss:3)
  3 will-o-the-wisps
  A moth of wrath (Spider:2)
  7 elephants
  A rust devil (Depths:4)
  An eye of devastation (Slime:1)
  A guardian serpent (Abyss:3)
  A black mamba (shapeshifter) (D:15)
  4 smoke demons
  2 black mambas (Lair:2)
  8 vault sentinels
  2 demonic crawlers
  5 torpor snails
  3 orange demons
  2 kobold demonologists
  A rime drake (Lair:4)
  7 cane toads
  A yaktaur zombie (Vaults:2)
  3 unseen horrors
  2 yaktaurs (shapeshifter)
  4 hydra zombies (Swamp:4)
  7 komodo dragons
  A freezing wraith (Swamp:4)
  2 tengu conjurers
  2 red devils (Depths:4)
  An anaconda simulacrum (IceCv)
  A bloated husk (Swamp:2)
  A troll (shapeshifter) (Depths:3)
  11 yaktaurs
  7 tyrant leeches
  4 trolls
  5 meliai
  A death drake zombie (Swamp:4)
  A merfolk (shapeshifter) (Depths:3)
  9 hornets
  A sphinx simulacrum (Vaults:4)
  4 tarantellas
  4 dream sheep
  14 blink frogs
  6 small abominations
  53 slime creatures
  Sigmund (D:2)
  A flying skull (Abyss:3)
  6 jumping spiders
  A wyvern (D:8)
  5 spriggans
  A shadow (D:11)
  A centaur simulacrum (D:14)
  4 culicivoras
  A vampire (D:10)
  2 water elementals
  A basilisk (Lair:1)
  5 wraiths
  23 yaks
  A hog (Swamp:1)
  9 humans (D:13)
  3 golden eyes
  A chaos spawn (Depths:2)
  3 fire elementals
  2 minotaur simulacra (IceCv)
  13 redbacks
  A harpy simulacrum (IceCv)
  A spatial vortex (Abyss:3)
  An acid dragon (D:12)
  A naga (Abyss:3)
  5 wargs
  A floating eye (Depths:2)
  7 swamp worms
  2 hydra simulacra (Swamp:4)
  6 water moccasins
  6 swamp drakes
  A black bear (D:10)
  A sky beast (D:7)
  A glowing shapeshifter skeleton (Vaults:2)
  28 orc warriors
  An alligator simulacrum (IceCv)
  6 ogres
  An ettin simulacrum (Vaults:1)
  3 wolves (Lair:1)
  An elephant zombie (Lair:4)
  A boggart (Vaults:3)
  A centaur (D:6)
  4 kobold brigands
  15 bullfrogs
  4 deep troll simulacra (IceCv)
  2 earth elementals (Swamp:3)
  A gnoll sergeant (D:7)
  A scorpion (D:5)
  A wyvern zombie (D:7)
  4 wights
  12 nameless horrors
  6 killer bees
  A troll skeleton (D:9)
  2 howler monkeys
  4 spriggan skeletons (D:9)
  A bullfrog zombie (D:7)
  A centaur zombie (D:7)
  2 hounds (D:5)
  2 jellies (D:5)
  16 orc priests
  A basilisk zombie (Lair:4)
  3 iguanas
  19 orc wizards
  5 hell rats
  A killer bee zombie (D:7)
  Robin (D:2)
  3 gnolls (D:6)
  3 adders
  A white imp (D:8)
  A dart slug (D:2)
  100 orcs
  A bat (D:3)
  4 endoplasms
  A giant cockroach (D:2)
  13 goblins
  6 hobgoblins
  6 jackals (D:2)
  4 quokkas
  9 ball pythons
  4 frilled lizards
  15 kobolds
  2 rats
  A starspawn tentacle (Abyss:3)
992 creatures vanquished.

Vanquished Creatures (others)
  A deep elf blademaster (Elf:2)
  A titan (Depths:3)
  2 emperor scorpions (Spider:4)
  A ghoul (Swamp:4)
  A very ugly thing (IceCv)
  A draconian annihilator (Depths:3)
  An ironbound thunderhulk (Vaults:1)
  A broodmother (Spider:3)
  A dire elephant (Lair:5)
  2 entropy weavers
  A rakshasa (Abyss:2)
  A vault guard (D:13)
  An ogre mage (D:15)
  3 hydras
  2 dancing weapons
  3 tengu warriors
  5 death yaks
  4 two-headed ogres
  A deep troll earth mage (Depths:3)
  A deep elf knight (Elf:3)
  A goliath frog (Swamp:4)
  Amaemon (Lair:2)
  3 skeletal warriors (D:11)
  An orb spider (Spider:2)
  2 deep elf archers
  An ironbound convoker (Vaults:4)
  2 spriggan simulacra (IceCv)
  2 wizards
  2 deep elf pyromancers
  2 deep elf zephyrmancers
  5 orc knights
  An orc sorcerer (Orc:2)
  2 ugly things
  5 wolf spiders
  4 elephants
  3 manticores
  2 cyclopes
  2 black mambas (Lair:5)
  A cane toad (Lair:5)
  A gargoyle (D:7)
  A freezing wraith (IceCv)
  An orange demon (Lair:2)
  A komodo dragon (Lair:1)
  A rime drake (Lair:5)
  An anaconda simulacrum (IceCv)
  4 tyrant leeches
  3 bloated husks (Swamp:3)
  A polar bear (Lair:1)
  A tarantella (Spider:1)
  A dream sheep (Lair:5)
  4 trolls
  A blink frog (Lair:5)
  A culicivora (Spider:4)
  A wyvern (Lair:5)
  5 slime creatures
  A dire elephant simulacrum (IceCv)
  A water elemental (Elf:1)
  6 humans (D:13)
  10 yaks
  4 redbacks
  3 basilisks
  2 minotaur simulacra (IceCv)
  4 swamp worms
  A warg (Orc:2)
  11 orc warriors
  An elephant zombie (Lair:4)
  3 ogres
  An elf simulacrum (Vaults:1)
  A deep troll simulacrum (IceCv)
  5 wights (D:7)
  2 electric eels (D:13)
  A hound (D:7)
  2 orc priests
  A gnoll bouda (D:6)
  3 orc wizards
  2 hell rats (Lair:3)
  9 orcs
  A quokka (Depths:3)
  27 foxfires
  115 fungi
  162 plants
  3 starspawn tentacles (Abyss:3)
  8 withered plants
494 creatures vanquished.

Grand Total: 2447 creatures vanquished

Notes
Turn   | Place    | Note
-------+----------+-------------------------------------------
     0 | D:1      | ragingrage the Formicid Summoner began the quest for the
                  | Orb.
     0 | D:1      | Reached XP level 1. HP: 13/13 MP: 3/3
    75 | D:1      | Reached XP level 2. HP: 3/17 MP: 1/5
   239 | D:1      | Learned a level 2 spell: Call Imp
   368 | D:1      | Reached XP level 3. HP: 24/24 MP: 6/6
   443 | D:1      | Learned a level 3 spell: Call Canine Familiar
   793 | D:1      | Found a sparkling altar of Nemelex Xobeh.
   851 | D:2      | Noticed Natasha
   870 | D:2      | Killed Natasha
   871 | D:2      | Reached XP level 4. HP: 18/30 MP: 1/7
  1051 | D:2      | Reached skill level 5 in Summonings
  1064 | D:2      | Noticed Sigmund
  1073 | D:2      | Killed Sigmund
  1074 | D:2      | Reached XP level 5. HP: 33/35 MP: 4/8
  1074 | D:2      | Reached XP level 6. HP: 38/41 MP: 4/9
  1159 | D:2      | Found Godum's Assorted Antiques.
  1170 | D:2      | Noticed Robin
  1178 | D:2      | Killed Robin
  1201 | D:2      | Noticed Natasha
  1255 | D:2      | Killed Natasha
  1319 | D:2      | Bought a scroll labelled DEEJYSM WU NOL for 26 gold pieces
  1430 | D:2      | Noticed Natasha
  1437 | D:2      | Killed Natasha
  1712 | D:2      | Found Wonac's Antique Armour Boutique.
  1732 | D:2      | Found Ejeurph's General Store.
  1797 | D:2      | Found Toola's Jewellery Boutique.
  2056 | D:3      | Found a faded altar of an unknown god.
  2544 | D:3      | Reached XP level 7. HP: 46/46 MP: 5/10
  2783 | D:3      | Found a broken altar of Ashenzari.
  2994 | D:4      | Learned a level 3 spell: Summon Guardian Golem
  3159 | D:4      | Found a glowing golden altar of the Shining One.
  3326 | D:4      | Reached skill level 1 in Shields
  3326 | D:4      | Reached skill level 1 in Hexes
  3548 | D:4      | Found Eluol's Antique Armour Shoppe.
  3603 | D:4      | Found an iron altar of Okawaru.
  4132 | D:5      | Entered Level 5 of the Dungeon
  4230 | D:5      | Reached XP level 8. HP: 52/52 MP: 7/11
  5322 | D:6      | Reached skill level 5 in Hexes
  5472 | D:6      | Identified the +8 hand axe "Eraxiz" {heavy, Str+6}
  5537 | D:6      | Reached XP level 9. HP: 57/57 MP: 3/13
  5787 | D:6      | Found a hazy altar of Hepliaklqana.
  5994 | D:7      | Reached skill level 5 in Shields
  6131 | D:7      | Found a basalt altar of Yredelemnul.
  6157 | D:7      | Learned a level 4 spell: Summon Lightning Spire
  6181 | D:7      | Reached skill level 10 in Summonings
  6186 | D:7      | Reached skill level 1 in Air Magic
  6234 | D:7      | Found a shimmering blue altar of Sif Muna.
  6393 | D:7      | Found a staircase to the Ecumenical Temple.
  6402 | Temple   | Entered the Ecumenical Temple
  6443 | Temple   | Became a worshipper of Ru the Awakened
  6524 | D:7      | Noticed a gargoyle
  6577 | D:7      | Reached skill level 1 in Fighting
  6594 | D:7      | Killed a gargoyle
  6848 | D:7      | Reached XP level 10. HP: 68/68 MP: 12/16
  7089 | D:7      | Reached skill level 5 in Spellcasting
  7631 | D:7      | Found a hide-covered altar of Uskayaw.
  7984 | D:8      | Found a bloodstained altar of Trog.
  8327 | D:8      | Reached skill level 5 in Fighting
  8471 | D:8      | Noticed a two-headed ogre
  8480 | D:8      | Killed a two-headed ogre
  8535 | D:8      | Gained mutation: You are slightly weak-willed. (Will-) [Ru
                  | sacrifice]
  8535 | D:8      | Reached * piety under Ru
  9026 | D:4      | Bought a faintly glowing cloak for 294 gold pieces
  9026 | D:4      | Identified the +1 cloak of Ythrias {Dex+3} (You bought it
                  | in a shop on level 4 of the Dungeon)
  9363 | D:9      | Reached skill level 1 in Evocations
  9539 | D:2      | Bought a pair of glowing boots for 142 gold pieces
  9740 | D:9      | Noticed a kobold demonologist
  9749 | D:9      | Killed a kobold demonologist
 10339 | D:9      | Noticed an unseen horror
 10404 | D:9      | Reached XP level 11. HP: 71/80 MP: 18/18
 10425 | D:9      | Reached skill level 5 in Stealth
 10614 | D:10     | Entered Level 10 of the Dungeon
 10632 | D:10     | Found a staircase to the Orcish Mines.
 10704 | D:10     | Noticed a deep elf pyromancer
 10726 | D:10     | Killed a deep elf pyromancer
 10846 | D:10     | Found a flagged portal.
 10879 | Bailey   | Entered a bailey
 11169 | Bailey   | Noticed an orc knight
 11180 | Bailey   | Killed an orc knight
 11290 | Bailey   | Identified the +0 plate armour of Creativity {rN+ Dex-5
                  | Slay+2}
 11608 | D:10     | Noticed a two-headed ogre
 11623 | D:10     | Killed a two-headed ogre
 12078 | D:10     | Found a staircase to the Lair.
 12588 | D:10     | Found a glowing silver altar of Zin.
 12828 | D:2      | Bought a blue potion for 23 gold pieces
 12828 | D:2      | Bought a golden potion for 23 gold pieces
 13046 | D:11     | Noticed a manticore
 13062 | D:11     | Killed a manticore
 13063 | D:11     | Reached skill level 5 in Evocations
 13063 | D:11     | Reached XP level 12. HP: 30/91 MP: 12/21
 13451 | D:11     | Noticed a two-headed ogre
 13461 | D:11     | Killed a two-headed ogre
 13689 | D:11     | Noticed a skeletal warrior
 13698 | D:11     | Noticed a skeletal warrior
 13700 | D:11     | Killed a skeletal warrior
 13701 | D:11     | Noticed a skeletal warrior
 13702 | D:11     | Noticed a skeletal warrior
 13707 | D:11     | Killed a skeletal warrior
 13708 | D:11     | Noticed a skeletal warrior
 13709 | D:11     | Killed a skeletal warrior
 13716 | D:11     | Killed a skeletal warrior
 13726 | D:11     | Killed a skeletal warrior
 13965 | Lair:1   | Entered Level 1 of the Lair of Beasts
 14545 | Lair:1   | Gained mutation: You are somewhat unskilled. (-1 Apt) [Ru
                  | sacrifice]
 14545 | Lair:1   | Reduced skill Stealth to level 5
 14545 | Lair:1   | Reduced skill Spellcasting to level 5
 14545 | Lair:1   | Reached ** piety under Ru
 14545 | Lair:1   | Reached *** piety under Ru
 15612 | Lair:2   | Reached XP level 13. HP: 98/98 MP: 21/21
 15621 | Lair:2   | Noticed Amaemon
 15624 | Lair:2   | Found a runed translucent gate.
 15625 | Lair:2   | Found a runed translucent gate.
 15626 | Lair:2   | Found a runed translucent gate.
 15629 | Lair:2   | Noticed Takou's ghost (journeyman AtFi)
 15630 | Lair:2   | Noticed Lideoroe's ghost (journeyman TrFi)
 15635 | Lair:2   | Killed Amaemon
 15685 | Lair:2   | Identified a scroll of acquirement
 15686 | Lair:2   | Acquired the ring "Iwy Fosm" {Fly rElec Will+ rCorr}
 16070 | Lair:2   | Reached skill level 5 in Air Magic
 17488 | Lair:3   | Noticed a catoblepas
 17505 | Lair:3   | Killed a catoblepas
 17540 | Lair:3   | Learned a level 3 spell: Ozocubu's Armour
 18048 | Lair:3   | Reached skill level 1 in Ice Magic
 18055 | Lair:3   | Found a hole to the Spider Nest.
 18567 | Lair:3   | Noticed an eight-headed hydra
 18740 | Lair:3   | Noticed a four-headed hydra
 18750 | Lair:3   | Killed a four-headed hydra
 18750 | Lair:3   | Killed an eight-headed hydra
 19013 | Lair:3   | Reached XP level 14. HP: 87/108 MP: 19/22
 19094 | Lair:3   | Found a staircase to the Swamp.
 19611 | Lair:4   | Gained mutation: You cannot be stealthy. [Ru sacrifice]
 19686 | Lair:4   | Found a staircase to the Slime Pits.
 19688 | Lair:4   | Found a viscous altar of Jiyva.
 19795 | Lair:4   | Identified the ring "Bunoer" {Fly rC++}
 20048 | Lair:5   | Entered Level 5 of the Lair of Beasts
 20873 | Lair:5   | Reached skill level 10 in Shields
 21572 | Lair:5   | Reached skill level 10 in Fighting
 22177 | Lair:5   | Noticed a dire elephant
 22213 | Lair:5   | Reached XP level 15. HP: 115/115 MP: 12/25
 23769 | Orc:1    | Entered Level 1 of the Orcish Mines
 23777 | Orc:1    | Noticed Erolcha
 24128 | Orc:1    | Killed Erolcha
 24137 | Orc:1    | You are sucked into a shaft and drop 1 floor!
 24137 | Orc:2    | Entered Level 2 of the Orcish Mines
 25112 | Orc:2    | Noticed an orc warlord
 25129 | Orc:2    | Killed an orc warlord
 25297 | Orc:2    | Found a staircase to the Elven Halls.
 25328 | Orc:2    | Found Niocik's General Store.
 25337 | Orc:2    | Found Haof Zonouv's Antique Weapon Shop.
 25346 | Orc:2    | Noticed an orc warlord
 25366 | Orc:2    | Killed an orc warlord
 25408 | Orc:2    | Found Moow's Book Boutique.
 25508 | Orc:2    | Found Ulloraek's Antique Armour Shoppe.
 25677 | Orc:2    | Bought a scroll of acquirement for 728 gold pieces
 25678 | Orc:2    | Acquired the ring "Ladaz" {AC+4 Dex+7}
 25695 | Orc:2    | Bought the +3 salamander hide armour {Flames, rFlCloud rF++
                  | rC--} for 483 gold pieces
 25695 | Orc:2    | Found the +3 salamander hide armour {Flames, rFlCloud rF++
                  | rC--}
 26220 | D:12     | Gained mutation: You are missing an eye, making it more
                  | difficult to aim. [Ru sacrifice]
 26220 | D:12     | Reached **** piety under Ru
 26376 | D:12     | Reached skill level 15 in Summonings
 26531 | D:12     | Reached skill level 1 in Armour
 26741 | D:12     | Noticed Juicyj's ghost (novice GnWn)
 26743 | D:12     | Found a runed translucent door.
 27315 | D:13     | Reached XP level 16. HP: 123/123 MP: 24/26
 27444 | D:13     | Found a gate to the Vaults.
 27506 | Abyss:2  | Cast into level 2 of the Abyss (a wizard)
 27578 | Abyss:2  | Noticed a deep elf sorcerer
 27585 | Abyss:2  | Killed a deep elf sorcerer
 27639 | D:13     | Escaped the Abyss
 27888 | D:13     | Found Gexius's Serpentskin Sales.
 28801 | D:14     | You are sucked into a shaft and drop 1 floor!
 28801 | D:15     | Entered Level 15 of the Dungeon
 28915 | D:15     | Reached skill level 5 in Armour
 29064 | D:15     | Found a staircase to the Depths.
 29704 | D:15     | Gained mutation: You are somewhat inexperienced. (-1 XL)
                  | [Ru sacrifice]
 29704 | D:15     | Reached XP level 15. HP: 120/120 MP: 25/25
 29704 | D:15     | Reached ***** piety under Ru
 30128 | D:14     | Noticed Jorgrun
 30133 | D:14     | Killed Jorgrun
 31011 | Swamp:1  | Entered Level 1 of the Swamp
 31034 | Swamp:1  | Found a shimmering blue altar of Sif Muna.
 31057 | Swamp:1  | Noticed Josephine
 31319 | Swamp:1  | Killed Josephine
 31564 | D:13     | Bought a ring of poison resistance for 380 gold pieces
 31853 | Swamp:1  | Noticed Kirke
 31891 | Swamp:1  | Killed Kirke
 31892 | Swamp:1  | Reached XP level 16. HP: 100/125 MP: 19/26
 33513 | Swamp:3  | Reached skill level 10 in Evocations
 33896 | Swamp:3  | Noticed a thorn hunter
 33913 | Swamp:3  | Killed a thorn hunter
 34655 | Swamp:4  | Entered Level 4 of the Swamp
 34959 | Swamp:4  | Noticed Nikola
 34980 | Swamp:4  | Reached skill level 1 in Polearms
 34990 | Swamp:4  | Killed Nikola
 34992 | Swamp:4  | Reached skill level 2 in Polearms
 34995 | Swamp:4  | Noticed Louise
 34996 | Swamp:4  | Gained mutation: You are clumsy. (Dex -2) [Ru sacrifice]
 34996 | Swamp:4  | Reached ****** piety under Ru
 34999 | Swamp:4  | Reached skill level 3 in Polearms
 35001 | Swamp:4  | Reached skill level 4 in Polearms
 35005 | Swamp:4  | Killed Louise
 35035 | Swamp:4  | Reached XP level 17. HP: 126/136 MP: 25/29
 35133 | Swamp:4  | Noticed Mara
 35137 | Swamp:4  | Reached skill level 5 in Polearms
 35147 | Swamp:4  | Noticed a tentacled monstrosity
 35267 | Spider:1 | Entered Level 1 of the Spider Nest
 35293 | Lair:3   | Reached skill level 6 in Polearms
 35725 | Spider:1 | Reached skill level 7 in Polearms
 36399 | Spider:1 | Reached skill level 8 in Polearms
 36781 | Spider:2 | Found a frozen archway.
 36805 | Spider:2 | Reached skill level 9 in Polearms
 37372 | IceCv    | Entered an ice cave
 37646 | IceCv    | Identified the +9 great sword of the Desert {drain, rPois
                  | rC+}
 37694 | IceCv    | Reached skill level 10 in Polearms
 38419 | IceCv    | Identified the +5 ring mail of the Lich-sworn {rPois}
 39009 | Spider:2 | Reached XP level 18. HP: 121/144 MP: 23/30
 39248 | Spider:2 | Reached skill level 15 in Shields
 41190 | Spider:4 | Entered Level 4 of the Spider Nest
 43379 | Spider:4 | Got a gossamer rune of Zot
 43911 | Elf:1    | Entered Level 1 of the Elven Halls
 44578 | Elf:1    | Reached XP level 19. HP: 84/142 MP: 25/31
 44839 | Elf:1    | Got Dispater's Incunabulum of the Commander
 44856 | Elf:1    | Learned a level 7 spell: Summon Hydra
 47903 | Elf:2    | Identified the +1 leather armour of Sownaos {rF++ Str-3
                  | Stlth+}
 48209 | Elf:2    | Found a runed translucent gate.
 48210 | Elf:2    | Found a runed translucent gate.
 48210 | Elf:2    | Found a runed translucent gate.
 48340 | Elf:3    | Entered Level 3 of the Elven Halls
 49815 | Elf:3    | Found Miurie's Antique Armour Shoppe.
 49997 | Elf:3    | Identified the ring "Woemuup" {rPois Will+ Int+6}
 50113 | Elf:3    | Reached skill level 11 in Polearms
 50869 | Elf:3    | Reached XP level 20. HP: 59/148 MP: 32/32
 51929 | Elf:3    | Identified the amulet "Mioxor" {RegenMP rPois Int+3 Dex+4
                  | Stlth-}
 51995 | Elf:3    | Identified the +6 flail of the Lair of Beasts {flame, Will+
                  | MP-9 Int+4}
 52051 | Elf:3    | Identified the +1 leather armour of Gallantry {rPois Dex+3
                  | SInv}
 52081 | Elf:3    | Identified the +7 flail of the Lair of Beasts {flame, rF++}
 52081 | Elf:3    | Identified the ring of Wariness {Ice rPois rN+ Will+ rCorr}
 52093 | Elf:3    | Identified the +3 spear "Omelette" {spect, rF+ Will- Str+6}
 52095 | Elf:3    | Identified the +9 chain mail "Kopooch" {Fly rN+ Str-2
                  | Int+2}
 52095 | Elf:3    | Identified the ring "Oluuck" {rN+ Str+6}
 52101 | Elf:3    | Identified the +5 triple sword "Killer Bee's Bane" {heavy,
                  | rPois rC+ Dex-2 SInv}
 52103 | Elf:3    | Reached skill level 12 in Polearms
 52615 | Elf:3    | Identified the +0 pair of boots of the Eight Boll Weevils
                  | {rPois rC+ Regen+ Slay+2}
 53054 | Vaults:1 | Entered Level 1 of the Vaults
 53294 | Abyss:3  | Cast into level 3 of the Abyss (a wizard)
 53331 | Abyss:3  | Noticed a bone dragon
 53335 | Abyss:3  | Gained mutation: Your spells are a little easier to cast,
                  | but a little less powerful. [a neqoxec]
 53340 | Abyss:3  | Gained mutation: Your body sometimes deteriorates upon
                  | taking damage. [a neqoxec]
 53348 | Abyss:3  | Killed a bone dragon
 53463 | Abyss:3  | Found a corrupted altar of Lugonu.
 53529 | Abyss:3  | Found a corrupted altar of Lugonu.
 53530 | Abyss:3  | Found a corrupted altar of Lugonu.
 53644 | Vaults:1 | Escaped the Abyss
 53716 | Vaults:1 | Reached skill level 13 in Polearms
 53862 | Vaults:1 | You are sucked into a shaft and drop 1 floor!
 54101 | Vaults:2 | Reached XP level 21. HP: 167/167 MP: 18/34
 54140 | Vaults:2 | Reached skill level 10 in Spellcasting
 54586 | Vaults:2 | Reached skill level 14 in Polearms
 54668 | Vaults:2 | Noticed Zenata
 54683 | Vaults:2 | Killed Zenata
 55368 | Vaults:1 | Reached skill level 15 in Polearms
 55951 | Vaults:1 | Reached skill level 16 in Polearms
 56080 | Vaults:1 | Found a transporter.
 56225 | Vaults:1 | Found a transporter.
 56508 | Vaults:1 | Found Ynolicvu's Antique Weapon Emporium.
 57386 | Vaults:3 | Reached XP level 22. HP: 139/174 MP: 29/36
 57412 | Vaults:3 | Reached skill level 17 in Polearms
 57926 | Vaults:3 | Found a staircase to the Crypt.
 58287 | Vaults:3 | Reached skill level 18 in Polearms
 59552 | Vaults:4 | Reached skill level 19 in Polearms
 60302 | Vaults:4 | Found a runed translucent door.
 60302 | Vaults:4 | Found a shimmering altar of Xom.
 60302 | Vaults:4 | Noticed Konionua's ghost (adept KoEn)
 60302 | Vaults:4 | Identified the +7 glaive of Upheaval {chaos, rC- Int+5
                  | Stlth+}
 60645 | Vaults:4 | Reached XP level 23. HP: 179/180 MP: 17/37
 60706 | Vaults:4 | Identified the +1 leather armour of Distant Worlds {Str+4}
 60768 | Vaults:4 | Learned a level 2 spell: Wereblood
 60783 | Vaults:4 | Learned a level 5 spell: Irradiate
 61779 | Depths:1 | Entered Level 1 of the Depths
 61843 | Depths:1 | Reached skill level 1 in Transmutations
 62135 | Depths:1 | Reached skill level 20 in Polearms
 62440 | Depths:1 | Found a gateway to Hell.
 63629 | Depths:2 | Found a one-way gate to the infinite horrors of the Abyss.
 64047 | Depths:2 | Got the Thoughts on Polluted Places
 64364 | Depths:2 | Found a one-way gate leading to the halls of Pandemonium.
 64610 | Depths:2 | Reached skill level 5 in Dodging
 64733 | Depths:2 | Found a blossoming altar of Fedhas.
 64789 | Depths:3 | Noticed Saint Roka
 64792 | Depths:3 | Found a white marble altar of Elyvilon.
 64831 | Depths:3 | Noticed a caustic shrike
 64839 | Depths:3 | Killed a caustic shrike
 64844 | Depths:3 | Noticed a golden dragon
 64866 | Depths:2 | Killed a golden dragon
 64928 | Depths:3 | Reached skill level 10 in Armour
 65088 | Depths:3 | Noticed a juggernaut
 65089 | Depths:3 | Noticed a juggernaut
 65403 | Depths:3 | Noticed a golden dragon
 65405 | Depths:3 | Noticed a juggernaut
 65418 | Depths:3 | Noticed a caustic shrike
 65426 | Depths:3 | Killed a caustic shrike
 65433 | Depths:3 | Killed a juggernaut
 65442 | Depths:3 | Killed a golden dragon
 65526 | Depths:3 | Killed a juggernaut
 65683 | Depths:3 | Reached skill level 5 in Transmutations
 65692 | Depths:3 | Killed a juggernaut
 65944 | Depths:3 | Identified the +1 leather armour of Peheoh {Str+5}
 65982 | Depths:3 | Reached XP level 24. HP: 175/183 MP: 33/37
 66074 | Depths:3 | Killed Saint Roka
 66661 | Depths:4 | Entered Level 4 of the Depths
 66668 | Depths:4 | Noticed Sojobo
 66856 | Depths:3 | Killed Sojobo
 67891 | Depths:4 | Found a one-way gateway to a ziggurat.
 68241 | Depths:4 | Noticed Vv
 68336 | Depths:3 | Killed Vv
 68387 | Depths:4 | Reached skill level 1 in Conjurations
 68453 | Depths:4 | Noticed Margery
 68467 | Depths:4 | Killed Margery
 68867 | Depths:4 | Found a gate to the Realm of Zot.
 69228 | Lair:2   | Killed Lideoroe's ghost
 69237 | Lair:2   | Killed Takou's ghost
 69411 | Swamp:4  | Noticed ragingrage's illusion
 69415 | Swamp:4  | Killed Mara
 69676 | Swamp:3  | Learned a level 4 spell: Manifold Assault
 70133 | Swamp:4  | Reached skill level 21 in Polearms
 70313 | Swamp:4  | Found a basalt altar of Yredelemnul.
 70351 | Swamp:4  | Found a blossoming altar of Fedhas.
 70494 | Swamp:4  | Got a decaying rune of Zot
 71131 | D:12     | Killed Juicyj's ghost
 71358 | Vaults:1 | Reached XP level 25. HP: 134/193 MP: 34/37
 71384 | Vaults:1 | Identified the amulet of the Past {rF+ Regen+ SInv}
 71430 | Vaults:1 | Identified the ring of the Mutiny {*Slow rElec rN+++ Will+
                  | Dex-2}
 71434 | Vaults:1 | Identified the ring "Purghecsay" {MP+9 Str+3}
 71849 | Orc:2    | Bought the Quarto of the Fateful Escort for 768 gold pieces
 71849 | Orc:2    | Bought a manual of Shields for 1280 gold pieces
 71854 | Orc:2    | Learned a level 4 spell: Animate Armour
 71862 | Orc:2    | Learned a level 7 spell: Spellforged Servitor
 71872 | Orc:2    | Learned a level 6 spell: Iron Shot
 71986 | Slime:1  | Entered Level 1 of the Pits of Slime
 72159 | Slime:1  | Reached skill level 1 in Earth Magic
 72375 | Slime:1  | Gained mutation: You do not regenerate when monsters are
                  | visible. [a shining eye]
 72380 | Slime:1  | Lost mutation: Your spells are a little easier to cast, but
                  | a little less powerful. [potion of mutation]
 72380 | Slime:1  | Lost mutation: You do not regenerate when monsters are
                  | visible. [potion of mutation]
 72380 | Slime:1  | Gained mutation: Your spells are a little harder to cast,
                  | but a little more powerful. [potion of mutation]
 73128 | Slime:4  | Gained mutation: You have hidden genetic defects. [a
                  | shining eye]
 73131 | Slime:4  | Gained mutation: You occasionally lose the ability to read
                  | scrolls when taking damage. [a shining eye]
 73150 | Slime:3  | Lost mutation: You have hidden genetic defects. [potion of
                  | mutation]
 73150 | Slime:3  | Lost mutation: You occasionally lose the ability to read
                  | scrolls when taking damage. [potion of mutation]
 73150 | Slime:3  | Gained mutation: Your natural rate of healing is unusually
                  | fast. [potion of mutation]
 73150 | Slime:3  | Gained mutation: You passively dampen the noise of your
                  | surroundings. [potion of mutation]
 73153 | Slime:4  | Gained mutation: You are vulnerable to cold. (rC-) [a
                  | shining eye]
 73179 | Slime:5  | Entered Level 5 of the Pits of Slime
 73850 | Slime:5  | Gained mutation: You are very clumsy. (Dex -4) [a shining
                  | eye]
 73851 | Slime:5  | Gained mutation: Your body often deteriorates upon taking
                  | damage. [a shining eye]
 73898 | Slime:5  | Found a viscous altar of Jiyva.
 73937 | Slime:5  | Noticed the Royal Jelly
 73958 | Slime:5  | Killed the Royal Jelly
 74128 | Slime:4  | Slain by an azure jelly

Illustrated notes

Levels and vault maps discovered:
D:1:      dpeg_arrival_lava_altar, layout_rooms
D:2:      layout_rooms, serial_shops, nicolae_square_shop,
          nicolae_shop_behind_doors, nicolae_shop_crystal, nicolae_shop_trees,
          serial_bayou, serial_bayou_lagoon_a, serial_bayou_pond_d,
          serial_bayou_crossing, serial_bayou_shore_b, serial_bayou_pond_a,
          uniq_sigmund, uniq_natasha, uniq_robin
D:3:      layout_rooms, nicolae_ashenzari_skybound,
          shapermc_ecumenical_altar_mp_highgroup
D:4:      layout_loops_corners, mainiacjoe_overflow_catwalk, tso_metal_star,
          serial_shops, shop, palyth_stone_intersect
D:5:      layout_basic
D:6:      layout_basic, mainiacjoe_overflow_alcove_1
D:7:      minmay_chambers_of_fours, layout_layer_cave, marbit_many_paths,
          lemuel_tele_altar, nicolae_yredelemnul_corpse_copse,
          minmay_temple_entry_gardened_gates,
          nicolae_concentric_dashed_squares_mild
D:8:      layout_rooms, kennysheep_mini, serial_curves, eino_curves_03,
          eino_curves_02, eino_curves_01, hangedman_decor_peaks_small
D:9:      layout_loops_ring, hangedman_tell_no_tales
D:10:     layout_loops_ring, zin_treasury, due_lair_maze_entry_diamond,
          david_orc_2, enter_bailey_2, lightli_fourway_metalbox
D:11:     layout_small_grid
D:12:     layout_basic, gammafunk_ghost_grave
D:13:     layout_basic, grunt_vaults_entry_tiered, serial_bayou_ford_a,
          guppyfry_shop_venom
D:14:     layout_basic, uniq_jorgrun
D:15:     hangedman_depths_entry_civil_slaughter, layout_basic,
          minmay_misc_feat_encased
Temple:   nicolae_temple_god_jail
Lair:1:   hellmonk_destroyed_diamonds, layout_cave_pods, st_stairs_11,
          grunt_megastairs_2
Lair:2:   layout_cave_pods, gammafunk_ghost_cemetery, beast_lair_carwin_7,
          serial_bayou_shore_a, grunt_megastairs_5, infiniplex_staircase_pool_2,
          uniq_amaemon
Lair:3:   layout_big_grid, palyth_hydra_swamp_entry,
          nicolae_spider_entry_lesser_pyramids, infiniplex_staircase_pool
Lair:4:   pond_and_an_island_with_a_cottage, layout_long_grid, slime_entry_1
Lair:5:   hangedman_lair_in_review, layout_long_grid
Swamp:1:  layout_basic_swamp, basic_altar, uniq_kirke, uniq_josephine
Swamp:2:  layout_basic_swamp, evilmike_swamp_ruin_house_6, swamp_pool1
Swamp:3:  layout_basic_swamp, nicolae_swamp_trees_clearing, swamp_pool3,
          nzn_swamp_blast_mining
Swamp:4:  byrel_swamp_growth_death_and_undeath, layout_basic_swamp, uniq_nikola,
          uniq_louise, uniq_mara
Spider:1: layout_spider_delve
Spider:2: layout_spider_delve, portal_ice_cave_entry_ugly_swarm
Spider:3: layout_spider_delve, nicolae_spider_circle_web
Spider:4: grunt_spider_rune_island, drop_trap
Slime:1:  cheibrodos_slime_lost_civilization_9, layout_caves
Slime:2:  layout_caves, nicolae_slime_round_cave
Slime:3:  layout_caves
Slime:4:  layout_caves, cheibrodos_slime_lost_civilization_4
Slime:5
Orc:1:    nicolae_orc_accident_3, layout_diamond_mine, basic_altar, uniq_erolcha
Orc:2:    grunt_orc_gardens, layout_diamond_mine, grunt_orc_garden,
          grunt_orc_garden, grunt_orc_garden, grunt_orc_garden, basic_altar,
          mines2_david
Elf:1:    layout_onion_city, minmay_elf_demonology
Elf:2:    nicolae_elf_blades_crystal_corner, layout_rooms, minivault_23,
          minmay_misc_feat_columns
Elf:3:    elf_hall, layout_geoelf_octagon, serial_shops, nicolae_diamond_shop,
          moated_statue
Vaults:1: gammafunk_dig_for_victory, v_pattern_5,
          nicolae_vaults_inception_scallops, v_misc_27, vaults_standard_mumra_x,
          vaults_room_door_ring, v_misc_14, vaults_mumra_minichess,
          dpeg_vaults_monster_box, hangedman_vaults_corner_blocks,
          vaults_dpeg_emergency_exit, ontoclasm_vaults_decontamination,
          layout_vaults_big_cross, serial_shops, shop
Vaults:2: nicolae_vaults_network_square, v_misc_13, v_misc_10,
          special_room_vaults [special_room_orc], v_misc_10, v_misc_5,
          v_misc_32, vaults_room_corners, grunt_vaults_focal, v_misc_22,
          layout_vaults_big_room, uniq_zenata
Vaults:3: minmay_crypt_entry_simple_walls, nicolae_vaults_network_periphery,
          ontoclasm_vaults_pinch, grunt_vaults_swirl,
          nicolae_vaults_network_star, nicolae_vaults_windows_and_doors_thing,
          v_misc_12, v_alt_pattern_6, nicolae_vaults_little_ls,
          vaults_room_guarded_vault, nicolae_vaults_gold_heap,
          ontoclasm_vaults_loading_screen, nicolae_vaults_little_squares_1,
          v_misc_25, layout_vaults_ring
Vaults:4: ebering_ghost_xom, hangedman_vaults_nails, ontoclasm_vaults_ligature,
          ontoclasm_vaults_hangar, hangedman_vaults_pinch, v_misc_13,
          vaults_dpeg_diagonal, dpeg_vaults_monster_row, v_misc_12,
          layout_vaults_omnigrid
Depths:1: layout_gridlike, hell_entry, serial_sigils_hangedman_stare,
          lemuel_flamethrower_2
Depths:2: cheibrodos_lost_city_excavation, layout_long_grid,
          abyss_entry_glasseish, hell_entry, rand_demon_pan_entry_3,
          fedhas_altar_fruit_tree
Depths:3: minmay_central_circle, layout_small_grid, elyvilon_altar_4,
          minmay_room_of_horrors, hell_entry, infiniplex_staircase_pool_lava,
          uniq_saint_roka
Depths:4: grunt_zot_entry_bicorn, layout_twisted_cross, enter_ziggurat_b,
          hell_entry, serial_bayou_pond_d, grunt_pan_entry_in_and_out,
          uniq_margery, uniq_vv, uniq_sojobo

Skill      XL: |  1  2  3  4  5  6  7  8  9 10 11 12 13 14 15 16 17 18 19 20 21 22 23 24 25 |
---------------+----------------------------------------------------------------------------+-----
Stealth        | 3 4 6 5 0 |  0.0
Summonings     | 6 7 8 9 10 12 12 13 15 17 18 19 | 19.0
Shields        | 2 4 5 6 7 9 10 13 14 15 | 15.5
Hexes          | 2 5 4 |  4.5
Spellcasting   | 3 4 5 6 5 6 7 8 9 10 | 10.0
Air Magic      | 3 4 5 6 |  6.0
Fighting       | 2 5 7 8 9 10 13 14 | 14.8
Evocations     | 1 5 6 7 8 9 12 14 | 14.7
Dodging        | 2 4 6 7 |  7.0
Ice Magic      | 1 4 |  4.0
Armour         | 7 5 8 9 10 12 | 12.7
Polearms       | 4 10 11 13 16 19 20 21 | 21.8
Transmutations | 5 6 |  6.1
Conjurations   | 4 |  4.7
Earth Magic    | 2 |  2.4

Action                     |  1- 3 |  4- 6 |  7- 9 | 10-12 | 13-15 | 16-18 | 19-21 | 22-24 | 25-27 || total
---------------------------+-------+-------+-------+-------+-------+-------+-------+-------+-------++-------
  Melee: Unarmed           |    19 |       |       |       |       |       |       |       |       ||    19
         Short sword       |    10 |       |       |       |       |       |       |       |       ||    10
         Rapier            |     8 |       |       |       |       |       |       |       |       ||     8
         Dagger            |     7 |    21 |    98 |   224 |    48 |       |       |       |       ||   398
         Hand axe          |       |       |     1 |       |       |       |       |       |       ||     1
         Glaive            |       |       |       |     1 |       |       |   107 |       |       ||   108
         Demon whip        |       |       |       |       |   190 |   242 |       |       |       ||   432
         Bardiche          |       |       |       |       |       |   274 |   554 |   982 |   175 ||  1985
         Great sword       |       |       |       |       |       |    73 |       |       |       ||    73
  Throw: Dart              |       |       |       |       |     1 |     5 |     2 |       |       ||     8
         Throwing net      |       |       |       |       |       |       |       |       |     2 ||     2
   Cast: Summon Small Mamm |    19 |     1 |       |       |       |       |       |       |       ||    20
         Call Imp          |     5 |     7 |     9 |     1 |       |       |       |       |       ||    22
         Call Canine Famil |     3 |    16 |    38 |    60 |   121 |   137 |     9 |       |       ||   384
         Summon Guardian G |       |       |     8 |    33 |   138 |   150 |    11 |       |       ||   340
         Summon Lightning  |       |       |       |    43 |   152 |   154 |    11 |     2 |       ||   362
         Ozocubu's Armour  |       |       |       |       |     3 |       |       |       |       ||     3
         Summon Hydra      |       |       |       |       |       |       |   204 |   362 |    54 ||   620
         Wereblood         |       |       |       |       |       |       |       |     2 |     2 ||     4
         Animate Armour    |       |       |       |       |       |       |       |       |    22 ||    22
 Invoke: Sacrifice Essence |       |       |       |     1 |       |       |       |       |       ||     1
         Sacrifice Skill   |       |       |       |     1 |       |       |       |       |       ||     1
         Draw Out Power    |       |       |       |       |     2 |     1 |       |       |       ||     3
         Sacrifice Stealth |       |       |       |       |     1 |       |       |       |       ||     1
         Sacrifice Experie |       |       |       |       |     1 |       |       |       |       ||     1
         Sacrifice an Eye  |       |       |       |       |     1 |       |       |       |       ||     1
         Apocalypse        |       |       |       |       |       |     4 |     6 |     7 |     1 ||    18
         Sacrifice Purity  |       |       |       |       |       |     1 |       |       |       ||     1
         Power Leap        |       |       |       |       |       |       |     1 |     1 |       ||     2
Ability: Dig               |     2 |       |       |       |     2 |     1 |     4 |       |       ||     9
         Shaft Self        |       |       |       |       |       |       |     1 |       |       ||     1
  Evoke: Box of beasts     |       |       |       |       |     3 |     4 |       |     3 |     1 ||    11
         Condenser vane    |       |       |       |       |     2 |     4 |     5 |     6 |       ||    17
         Wand              |       |       |       |       |     2 |     7 |     1 |     1 |     2 ||    13
         Tin of tremorston |       |       |       |       |     2 |       |     2 |     1 |     1 ||     6
         Phantom mirror    |       |       |       |       |       |     1 |       |     3 |       ||     4
         Phial of floods   |       |       |       |       |       |       |     1 |       |       ||     1
    Use: Scroll            |       |     1 |       |    18 |    12 |     3 |     1 |     1 |     3 ||    39
         Potion            |       |       |     1 |     2 |     3 |     5 |     2 |     1 |     2 ||    16
   Stab: Distracted        |     2 |     1 |       |     3 |     8 |    10 |     9 |    34 |     5 ||    72
         Sleeping          |     2 |       |     3 |       |       |       |       |       |       ||     5
         Invisible         |       |       |       |     1 |     1 |     5 |     5 |     6 |       ||    18
         Paralysed         |       |       |       |       |       |     5 |    10 |    13 |     5 ||    33
 Armour: Robe              |    13 |     5 |     1 |       |     3 |       |       |       |       ||    22
         Leather armour    |       |       |    46 |   100 |    80 |   293 |   154 |   101 |       ||   774
         Fire dragon scale |       |       |       |       |       |       |       |   203 |   102 ||   305
  Dodge: Dodged            |    32 |    12 |    75 |   136 |   182 |   292 |   194 |   257 |    60 ||  1240
  Block: Buckler           |       |       |    19 |    89 |    87 |       |       |       |       ||   195
         Kite shield       |       |       |       |       |    30 |   567 |   427 |   614 |   164 ||  1802
         Tower shield      |       |       |       |       |    18 |    84 |       |       |       ||   102

Table legend: (Time is in decaauts)
 A = Elapsed time spent in this place.
 B = Non-inter-level travel time spent in this place.
 C = Inter-level travel time spent in this place.
 D = Time resting spent in this place.
 E = Time spent auto-exploring this place.
 F = Levels seen in this place.
 G = Mean time per level.
                   A        B        C        D        E       F      G
               +--------+--------+--------+--------+--------+-----+--------+
         Total |  74712 |  67066 |   7646 |  19751 |  30096 |  51 | 1464.9 |
       Dungeon |  20627 |  16526 |   4101 |   2667 |  10047 |  15 | 1375.1 |
        Temple |     59 |     36 |     23 |      0 |     24 |   1 |   59.0 |
          Lair |  11536 |  10190 |   1346 |   4836 |   3301 |   5 | 2307.2 |
         Swamp |   4885 |   4629 |    256 |   1247 |   2043 |   4 | 1221.2 |
   Spider Nest |   6416 |   6168 |    248 |   2199 |   2394 |   4 | 1604.0 |
    Slime Pits |   2126 |   2061 |     65 |    556 |    983 |   5 |  425.2 |
  Orcish Mines |   2899 |   2698 |    201 |   1162 |    647 |   2 | 1449.5 |
   Elven Halls |   8099 |   7911 |    188 |   3333 |   2905 |   3 | 2699.7 |
        Vaults |   8922 |   8096 |    826 |   1568 |   4274 |   4 | 2230.5 |
        Depths |   6780 |   6391 |    389 |   1569 |   2932 |   4 | 1695.0 |
         Abyss |    503 |    503 |      0 |     39 |      0 |   2 |  251.5 |
        Bailey |    573 |    573 |      0 |    123 |    219 |   1 |  573.0 |
      Ice Cave |   1282 |   1282 |      0 |    451 |    327 |   1 | 1282.0 |
               +--------+--------+--------+--------+--------+-----+--------+

Top non-repeatable levels by time:
  Lair:3: 3785 daAuts
  Lair:5: 2983 daAuts
   Elf:3: 2896 daAuts
   Elf:2: 2665 daAuts
     D:7: 2575 daAuts
   Elf:1: 2537 daAuts
Vaults:2: 2485 daAuts
Depths:3: 2483 daAuts
   Orc:2: 2480 daAuts
Vaults:1: 2296 daAuts
Vaults:3: 2103 daAuts
Vaults:4: 2036 daAuts
Spider:4: 2026 daAuts
  Lair:2: 2017 daAuts
    D:10: 1870 daAuts
